Description

Lurker Time

Replay - comander v ElNinoPat v Huntcreature v SohanSpecter - Yellowjacket

Build Order

Get SALT Encoding   

  12  0:08  Overlord  
  12  0:18  Drone x2  
  14  0:27  Drone x2  
  16  0:42  Drone  
  17  0:57  Drone  
  17  1:03  Drone  
  19  1:05  Hatchery  
  18  1:14  Spawning Pool  
  18  1:17  Extractor  
  16  1:18  Drone  
  17  1:29  Drone  
  18  1:36  Drone  
  19  1:49  Hatchery  
  19  2:01  Queen  
  21  2:09  Overlord  
  22  2:21  Queen  
  24  2:29  Metabolic Boost  
  31  3:04  Queen  
  37  3:21  Queen  
  39  3:30  Queen  
  41  3:54  Overlord x3  
  42  4:03  Lair  
  42  4:14  Pneumatized Carapace  
  40  4:31  Zergling x12  
  46  4:40  Zergling x6  
  59  5:09  Extractor  
  59  5:11  Spine Crawler x2  
  62  5:22  Baneling Nest  
  62  5:23  Extractor  
  60  5:33  Spine Crawler  
  59  5:48  Zergling x2  
  75  6:19  Extractor  
  75  6:22  Spore Crawler  
  73  6:29  Hatchery  
  73  6:31  Spore Crawler x3  
  80  6:54  Centrifugal Hooks  
  82  7:13  Baneling x10  
  87  7:18  Evolution Chamber x3  
  90  7:24  Spore Crawler  
  83  8:04  Zerg Ground Armor Level 1, Zerg Missile Weapons Level 1  
  83  8:05  Infestation Pit  
  82  8:06  Zerg Melee Weapons Level 1  
  82  8:11  Extractor x2  
  92  8:13  Spore Crawler  
  110  9:00  Spore Crawler  
  118  9:37  Spine Crawler x2  
Spawning Tool Build Advisor. Get it on Overwolf

Analysis

Lurker Time

Go to:

Details

  • Created by: ElninoPat
  • Published on: Jan 26, 2025
  • Modified on: Jan 26, 2025
  • Patch: 5.0.11
  • Difficulty: Easy
Show
View Real Time Build Order
Export as new Build Order

Comments (0)

There are no comments. Be the first!

Create an account to comment!